 Dungeon Sprint DCSS version 0.30.1-4-g462c640d31 (webtiles) character file.

Game seed: 4005190988354417329

7 fozzywoppz the Sneak (level 1, -4/9 HPs)
             Began as a Spriggan Enchanter on Sept 10, 2023.
             Slain by a human (7 damage)
             ... in the Dungeon (Sprint III: "The Ten Rune Challenge").
             The game lasted 00:01:49 (126 turns).

fozzywoppz the Sneak (Spriggan Enchanter)            Turns: 126, Time: 00:01:50

Health: -4/9       AC:  2    Str:  4    XL:     1   Next: 91%
Magic:  5/5        EV: 18    Int: 16    God:
Gold:   6          SH:  0    Dex: 15    Spells: 6/6 levels left

rFire   . . .        a - +1 dagger
rCold   . . .        (no shield)
rNeg    . . .        b - +0 robe
rPois   .            (helmet restricted)
rElec   .            (no cloak)
rCorr   .            (gloves unavailable)
SInv    +            (boots unavailable)
Will    .....        (no amulet)
Stlth   +++          (no ring)
HPRegen 0.21/turn    (no ring)
MPRegen 0.09/turn

%: no teleportation
@: on berserk cooldown, very quick
A: very small, no large weapons, unfitting armour, see invisible, speed 3
a: no special abilities


You were in the Dungeon.
You visited 1 branch You collected 6 gold pieces.

Inventory:

Hand Weapons
 a - a +1 dagger (weapon)
Armour
 b - a +0 robe (worn)
Scrolls
 i - a scroll of blinking
Potions
 c - 2 potions of invisibility
 d - a potion of curing
 e - a potion of heal wounds
 f - a potion of haste
 g - 2 potions of magic


   Skills:
 + Level 2.1 Short Blades
 + Level 3.4 Dodging
 + Level 5.1 Stealth
 + Level 3.4 Spellcasting
 + Level 4.2 Hexes


You had 6 spell levels left.
You didn't know any spells.
Your spell library contained the following spells:

 Spells                   Type           Power      Damage    Failure   Level
 Confusing Touch          Hex            16%        N/A       10%         3
 Tukima's Dance           Hex            16%        N/A       10%         3
 Ensorcelled Hibernation  Hex/Ice        18%        N/A       12%         2
 Dazzling Flash           Conj/Hex       18%        N/A       22%         3


Dungeon Overview and Level Annotations

Branches:
Dungeon (1/1)

Altars:


Innate Abilities, Weirdness & Mutations

You are very small and have problems with some larger weapons.
You are too small for most types of armour.
You have supernaturally acute eyesight. (SInv)
You cover ground extremely quickly. (Speed+++)


Message History

You hit the phantom.
You destroy the phantom!
Your Short Blades skill increases to level 2!
Your Stealth skill increases to level 5!
Your Hexes skill increases to level 4!
You feel a strong urge to attack something.
The human shouts!
You feel your anger nearly subside.
You are no longer berserk.
You are exhausted.
You feel yourself slow down.
You don't know any spells.
Okay, then.
You closely miss the human. The human closely misses you.
You hit the human but do no damage. The human completely misses you.
You hit the human.
The human is lightly wounded.
The human closely misses you. The human hits you but does no damage.
You hit the human.
The human is lightly wounded.
The human closely misses you.
You miss the human.
The human is lightly wounded.
The human barely misses you.
You hit the human.
The human is lightly wounded.
The human misses you. x2
You hit the human but do no damage.
The human is lightly wounded.
The human closely misses you.
You closely miss the human.
The human is lightly wounded.
The human closely misses you.
You closely miss the human.
The human is lightly wounded.
You feel yourself speed up. The human hits you.
Ouch! That really hurt!
The human hits you!
Ouch! That really hurt!
You die...

▓▓▓▓▓▓▓▓▓
▓<..#[..####
▓...#......##
▓.@##.......# .#
▓##p##p##..†# ..#
##.##.###..# #..#
▓#.####.##..# ...+
▓p###..##..## #...#
▓#.p...##..###....#
###..##...##.....#
##..##....#......#
#..###..##.#.....#


You could see a human.

Vanquished Creatures
  A phantom (D)
  4 rats (D)
5 creatures vanquished.

Notes
Turn   | Place    | Note
-------+----------+-------------------------------------------
     0 | D        | fozzywoppz the Spriggan Enchanter began the quest for the
                  | Orb.
     0 | D        | Reached XP level 1. HP: 9/9 MP: 5/5
    87 | D        | Reached skill level 5 in Stealth
   126 | D        | Slain by a human

Illustrated notes

Levels and vault maps discovered:
D:        dungeon_sprint_mu [sprint_mu_entry_cave, sprint_mu_temple_rooms,
          sprint_mu_d1_horrors, sprint_mu_d2_genie, sprint_mu_d3_branching,
          sprint_mu_orc_legion, sprint_mu_elf_gauntlet, sprint_mu_hive_nellie,
          sprint_mu_lair_fedhas, sprint_mu_vaults_butterflies,
          sprint_mu_slime_circle, sprint_mu_swamp_cave, sprint_mu_shoals_archi,
          sprint_mu_blade_basic, sprint_mu_crypt_fortress,
          sprint_mu_tomb_spiral, sprint_mu_vestibule_basic,
          sprint_mu_gehenna_hellfire, sprint_mu_dis_giant,
          sprint_mu_tartarus_statrot, sprint_mu_cocytus_islands, sprint_mu_zot1]

Skill      XL: |  1 |
---------------+----+-----
Dodging        | 3 |  3.4
Spellcasting   | 3 |  3.4
Short Blades   | 2 |  2.1
Stealth        | 5 |  5.1
Hexes          | 4 |  4.2

Action                     || total
---------------------------++-------
  Melee: Dagger            ||    18
    Use: Potion            ||     1
   Stab: Sleeping          ||     3
 Armour: Robe              ||     1
  Dodge: Dodged            ||    10
